 Dungeon Crawl Stone Soup version 0.29.0-4-gdea44cf6ec (webtiles) character file.

Game seed: 3907293994819251937

2 qw the Sneak (level 1, -5/14 HPs)
             Began as a Gargoyle Delver on Sept 10, 2022.
             Slain by an iguana (9 damage)
             ... on level 5 of the Dungeon.
             The game lasted 00:00:03 (87 turns).

qw the Sneak (Gargoyle Delver)                        Turns: 87, Time: 00:00:03

Health: -5/14      AC:  5    Str: 15    XL:     1   Next: 30%
Magic:  1/1        EV: 11    Int: 10    God:
Gold:   0          SH:  0    Dex: 11    Spells: 0/0 levels left

rFire   . . .      SeeInvis .   a - +0 hand axe
rCold   . . .      Faith    .   (no shield)
rNeg    + . .      Spirit   .   b - +0 leather armour
rPois   inf        Reflect  .   (no helmet)
rElec   +          Harm     .   (no cloak)
rCorr   .          Rampage  .   (no gloves)
Will    .....                   (no boots)
Stlth   +++.......              (no amulet)
HPRegen 0.04/turn               (no ring)
MPRegen 0.07/turn               (no ring)

@: no status effects
A: sickness immunity, AC +2, negative energy resistance 1, electricity
resistance, torment resistance 1, petrification resistance
a: no special abilities


You were on level 5 of the Dungeon.
You visited 1 branch of the dungeon, and saw 1 of its levels.


Innate Abilities, Weirdness & Mutations

You are immune to sickness and miasma.
Your stone body is resilient. (AC +2)
You are immune to poison.
You resist negative energy. (rN+)
You are resistant to electric shocks. (rElec)
You are resistant to unholy torment.
You are immune to petrification.


   Skills:
 - Level 3.2 Fighting
 + Level 2.0 Axes
 - Level 1.5 Dodging
 - Level 5.4 Stealth


You couldn't memorise any spells.
You didn't know any spells.
Your spell library was empty.

Inventory:

Hand Weapons
 a - a +0 hand axe (weapon)
 h - a +0 club
Armour
 b - a +0 leather armour (worn)
Wands
 g - a wand of digging (3)
Scrolls
 c - a scroll of fog
 d - a scroll of magic mapping
 e - a scroll of fear
Potions
 f - a potion of haste

Dungeon Overview and Level Annotations

Branches:
Dungeon (5/15)
 Temple: D:4-7

Altars:

Annotations:
D:5 Grinder


Message History

An adder is nearby!
57 ||| Stepping ~*~*~tactically~*~*~ (stealth). 2 orcs come into view.
The orc shouts!
You hear a shout!
An iguana comes into view.
The orc moves out of view.
69 ||| Stepping ~*~*~tactically~*~*~ (stealth).
Found a viscous clear potion.
An iguana is nearby!
71 ||| Stepping ~*~*~tactically~*~*~ (stealth).
An orc is nearby!
You hit the orc.
You kill the orc!
Your Axes skill increases to level 2!
h - a +0 club You see here an orc corpse.
The adder hisses angrily.
The iguana hisses angrily.
You hit the adder.
The adder is heavily wounded.
You hear a shout!
The adder barely misses you.
An orc wizard comes into view. It is wielding a +0 dagger.
You hear a shout! x2
You closely miss the adder.
The adder is heavily wounded.
You hit the iguana but do no damage. The adder bites you. The iguana bites you!
Ouch! That really hurt!
The adder closely misses you.
You closely miss the adder.
The adder is heavily wounded.
You hit the iguana but do no damage. The adder closely misses you.
The iguana closely misses you. The adder barely misses you.
You hit the adder.
You kill the adder!
You hit the iguana but do no damage. The iguana bites you!
Ouch! That really hurt!
You die...

#.# #.# #.# #.#
#.. #.# ##l..
##!####### o.....
#......... #.....
#..#####
#.....##@.....#
#.###.l....#....
#...#..o..######
#.#.#..........
#.........#####5#
###.......# .#
##..##..# .#
#......#####.#
#.##...#...#.#


You could see an iguana and an orc wizard.

Vanquished Creatures
  An adder (D:5)
  An orc (D:5)
2 creatures vanquished.

Notes
Turn   | Place    | Note
-------+----------+-------------------------------------------
     0 | D:5      | qw the Gargoyle Delver began the quest for the Orb.
     0 | D:5      | Reached XP level 1. HP: 14/14 MP: 1/1
     0 | D:5      | 0 ||| qw: Version: 0.1-a-117-gfe26ee0
     0 | D:5      | 0 ||| qw: Game counter: 9588
     0 | D:5      | 0 ||| qw: Always use a shield: true
     0 | D:5      | 0 ||| qw: God list: Okawaru
     0 | D:5      | 0 ||| qw: Allow faded altars: false
     0 | D:5      | 0 ||| qw: Do Orc after D:15 true
     0 | D:5      | 0 ||| qw: Do second Lair branch before Depths: true
     0 | D:5      | 0 ||| qw: Lair rune preference: random
     0 | D:5      | 0 ||| qw: Plans: Normal
     0 | D:5      | 0 ||| PLANNING D:1-11
     7 | D:5      | Noticed Grinder
     8 | D:5      | 8 ||| Stepping ~*~*~tactically~*~*~ (hiding).
    41 | D:5      | 41 ||| Stepping ~*~*~tactically~*~*~ (stealth).
    42 | D:5      | 42 ||| Stepping ~*~*~tactically~*~*~ (stealth).
    44 | D:5      | 44 ||| Stepping ~*~*~tactically~*~*~ (stealth).
    57 | D:5      | 57 ||| Stepping ~*~*~tactically~*~*~ (stealth).
    68 | D:5      | Noticed an iguana
    69 | D:5      | 69 ||| Stepping ~*~*~tactically~*~*~ (stealth).
    71 | D:5      | 71 ||| Stepping ~*~*~tactically~*~*~ (stealth).
    84 | D:5      | Noticed an orc wizard
    87 | D:5      | Slain by an iguana

Levels and vault maps discovered:
D:5:      layout_basic, mainiacjoe_overflow_boulevard, minmay_temple_entry_hall,
          feat_on_display, uniq_grinder

Skill      XL: |  1 |
---------------+----+-----
Axes           | 2 |  2.0
Fighting       | |  3.2
Dodging        | |  1.5
Stealth        | |  5.4

Action                   || total
-------------------------++-------
Melee: Hand axe          ||     5
Dodge: Dodged            ||     5

Table legend:
 A = Non-vault XP
 B = Vault XP
 C = Vault XP percentage of total XP
 D = Non-vault monster count
 E = Vault monster count
 F = Vault count percentage of total count
                 A         B        C        D         E       F
            +---------+---------+-------+---------+---------+-------
      Total |      16 |       0 |   0.0 |       2 |       0 |   0.0
            +---------+---------+-------+---------+---------+-------
        D:5 |      16 |       0 |   0.0 |       2 |       0 |   0.0
            +---------+---------+-------+---------+---------+-------
